 Dungeon Crawl Stone Soup version 0.30-a0-860-g512cf1e979 (webtiles) character file.

Game seed: 800451533803515516

166 browni3141 the Sneak (level 5, -5/30 HPs)
             Began as a Kobold Artificer on Mar 8, 2023.
             Splashed by a jelly's acid (9 damage)
             ... on level 3 of the Dungeon.
             The game lasted 00:03:22 (3126 turns).

browni3141 the Sneak (Kobold Artificer)             Turns: 3126, Time: 00:03:23

Health: -5/30      AC: -7    Str: 10    XL:     5   Next: 76%
Magic:  5/5        EV: 15    Int: 12    God:
Gold:   156        SH:  0    Dex: 17    Spells: 4/4 levels left

rFire   . . .      SeeInvis .    x - +0 short sword (venom)
rCold   + . .      Faith    .    (no shield)
rNeg    . . .      Spirit   .    t - +0 leather armour "Emapoab" {rC+ Slay+4}
rPois   .          Reflect  .    w - +0 helmet
rElec   .          Rampage  .    (no cloak)
rCorr   .                        (no gloves)
Will    .....                    (no boots)
Stlth   ++++                     (no amulet)
HPRegen 0.25/turn                p - ring of flight
MPRegen 0.09/turn                (no ring)

@: corroded, flying
A: small, no large weapons, nightstalker 3
a: no special abilities


You were on level 3 of the Dungeon.
You visited 1 branch of the dungeon, and saw 3 of its levels.

You collected 156 gold pieces.

Inventory:

Hand Weapons
 a - a +0 club
 l - a +0 dagger
 v - a +0 short sword
 x - a +0 short sword of venom (weapon)
Armour
 b - a +0 leather armour
 t - the +0 leather armour "Emapoab" (worn) {rC+ Slay+4}
   (You found it on level 2 of the Dungeon)

   Slay:      It affects your accuracy & damage with ranged weapons and melee
   (+4).
   rC:        It protects you from cold.
 w - a +0 helmet (worn)
Jewellery
 p - a ring of flight (left hand)
 y - an amulet of guardian spirit
 E - a ring of magical power
Wands
 c - a wand of flame (9) (quivered)
 d - a wand of charming (15)
 e - a wand of iceblast (5)
 D - a wand of polymorph (7)
Scrolls
 i - a scroll of blinking {unknown}
 j - 4 scrolls of identify {unknown}
 k - 2 scrolls of fog {unknown}
 m - 5 scrolls of teleportation
 o - 2 scrolls of magic mapping {unknown}
 r - a scroll of brand weapon {unknown}
 s - a scroll of enchant armour {unknown}
 A - a scroll of torment {unknown}
 B - a scroll of amnesia {unknown}
Potions
 f - a potion of brilliance {unknown}
 g - 2 potions of invisibility {unknown}
 h - a potion of experience {unknown}
 n - 2 potions of heal wounds {unknown}
 q - a potion of haste {unknown}
 u - a potion of might
 z - a potion of cancellation {unknown}
 C - a potion of attraction {unknown}


   Skills:
 - Level 2.0 Fighting
 * Level 2.0 Short Blades
 * Level 1.9 Armour
 - Level 3.0 Dodging
 - Level 5.0 Stealth
 - Level 4.0 Evocations


You had 4 spell levels left.
You didn't know any spells.
Your spell library contained the following spells:

 Spells                   Type           Power      Damage    Failure   Level
 Magic Dart               Conj           0%         1d3       41%         1
 Call Imp                 Summ           0%         N/A       54%         2
 Mephitic Cloud           Conj/Pois/Air  0%         N/A       78%         3


Dungeon Overview and Level Annotations

Branches:
Dungeon (3/15)

Altars:
Elyvilon
Nemelex Xobeh

Shops:
D:3 [(


Innate Abilities, Weirdness & Mutations

You are small and have problems with some larger weapons.
You are completely attuned to the shadows.


Message History

You kill the kobold!
You see here a +0 whip.
No target in view!
You reach down and open the door. 2 endoplasms come into view.
Found a hobgoblin skeleton.
There are monsters nearby!
There are monsters nearby!
There are monsters nearby!
A jelly and an endoplasm come into view.
Found a bat skeleton, a goblin skeleton and a rat skeleton.
There is an open door here.
The helpless endoplasm fails to defend itself.
You puncture the endoplasm!
You kill the endoplasm!
The endoplasm quivers.
Your Short Blades skill increases to level 2! 6 endoplasms come into view.
The endoplasm quivers. x2
The jelly hits you but does no damage. The endoplasm hits you.
You hit the jelly. The acid corrodes you!
Your hands burn!
The jelly is moderately wounded.
The endoplasm quivers.
The jelly misses you. The endoplasm hits you. The endoplasm freezes you.
You are frozen.
You resist.
You hit the jelly.
Your hands burn!
The jelly is moderately wounded.
The jelly hits you. The acid corrodes you!
You are splashed with acid!
* * * LOW HITPOINT WARNING * * *
The endoplasm freezes you.
You are frozen.
You resist.
* * * LOW HITPOINT WARNING * * *
The endoplasm misses you. The jelly attacks as you move away!
The jelly closely misses you.
There is an open door here.
The jelly attacks as you move away! The jelly hits you.
* * * LOW HITPOINT WARNING * * *
The acid corrodes you!
You are splashed with acid!
You die...

##'##########
#.# #.... #.##
#.# #.... #..#
#.# ###....
##.#
JP.PJ..##.#
#...#.. #.#
...÷..÷##.#
#..#.#. #.#
JP÷..P.##.#
#.#...# #.#
JP..JJ.##.#
####..∩.. #.#
...JJJ.##.#
#...#...# #.#
#######@###.#
#.#..#.#)
#.###....).##
#.# #.#...#..
#.##.########
#.# #.#######
#.###..'....#
#.####.#####
#.# ####....#
#..#.......#
#.# #.......#
##.#.......###
#.# #.......#
#.#.......##.
#.# #.......#
#.'.......##.
#.###...(...#
###....)..##.


You could see a jelly and 4 endoplasms.

Vanquished Creatures
  An iguana (D:3)
  Jessica (D:3)
  Terence (D:3)
  An adder (D:2)
  A worm (D:3)
  2 dart slugs
  3 orcs (D:3)
  3 ball pythons
  5 bats
  7 endoplasms
  A giant cockroach (D:1)
  8 goblins
  5 hobgoblins
  2 jackals (D:3)
  2 quokkas
  3 frilled lizards
  13 kobolds
  9 rats
68 creatures vanquished.

Vanquished Creatures (others)
  10 toadstools (D:3)
10 creatures vanquished.

Grand Total: 78 creatures vanquished

Notes
Turn   | Place    | Note
-------+----------+-------------------------------------------
     0 | D:1      | browni3141 the Kobold Artificer began the quest for the
                  | Orb.
     0 | D:1      | Reached XP level 1. HP: 12/12 MP: 1/1
   186 | D:1      | Reached skill level 2 in Stealth
   186 | D:1      | Reached XP level 2. HP: 6/17 MP: 2/2
   511 | D:1      | Reached skill level 3 in Stealth
   626 | D:1      | Reached XP level 3. HP: 21/21 MP: 3/3
  1320 | D:2      | Reached skill level 4 in Stealth
  1825 | D:2      | Identified the +0 leather armour "Emapoab" {rC+ Slay+4}
  1974 | D:2      | Reached XP level 4. HP: 21/26 MP: 4/4
  2176 | D:3      | Reached skill level 5 in Stealth
  2176 | D:3      | Reached skill level 1 in Armour
  2239 | D:3      | Noticed Terence
  2245 | D:3      | Killed Terence
  2246 | D:3      | Reached XP level 5. HP: 26/30 MP: 5/5
  2482 | D:3      | Found Zifoarue's Antique Armour Shop.
  2499 | D:3      | Noticed Jessica
  2504 | D:3      | Reached skill level 1 in Short Blades
  2505 | D:3      | Killed Jessica
  2589 | D:3      | Found a white marble altar of Elyvilon.
  2849 | D:3      | Found a sparkling altar of Nemelex Xobeh.
  2954 | D:3      | Found Zywkavei's Weapon Emporium.
  3126 | D:3      | Splashed by a jelly's acid

Illustrated notes

Levels and vault maps discovered:
D:1:      lightli_arrival_statuegarden, layout_basic
D:2:      layout_basic
D:3:      cheibrodos_fertilizer, layout_basic, general_overflow_altar,
          nemelex_spade_bored_becter, serial_shops, nicolae_diamond_shop, shop,
          chequers_serial_rivers_small_b, grunt_decor_resistance, uniq_terence,
          uniq_jessica

Skill      XL: |  1  2  3  4  5 |
---------------+----------------+-----
Fighting       | 2 |  2.0
Stealth        | 2 3 4 5 |  5.0
Armour         | 1 |  1.9
Evocations     | 4 |  4.0
Dodging        | 3 |  3.0
Short Blades   | 2 |  2.0

Action                     |  1- 3 |  4- 6 || total
---------------------------+-------+-------++-------
  Melee: Club              |   102 |       ||   102
         Dagger            |    42 |    18 ||    60
         Punch             |     3 |     1 ||     4
         Short sword       |       |    51 ||    51
  Evoke: Wand              |     6 |       ||     6
    Use: Scroll            |       |     1 ||     1
   Stab: Sleeping          |    19 |    10 ||    29
 Armour: Leather armour    |    44 |    13 ||    57
  Dodge: Dodged            |   125 |    43 ||   168

Table legend: (Time is in decaauts)
 A = Elapsed time spent in this place.
 B = Non-inter-level travel time spent in this place.
 C = Inter-level travel time spent in this place.
 D = Time resting spent in this place.
 E = Time spent auto-exploring this place.
 F = Levels seen in this place.
 G = Mean time per level.
                   A        B        C        D        E       F      G
               +--------+--------+--------+--------+--------+-----+--------+
         Total |   3159 |   2983 |    176 |      4 |   2378 |   3 | 1053.0 |
       Dungeon |   3159 |   2983 |    176 |      4 |   2378 |   3 | 1053.0 |
               +--------+--------+--------+--------+--------+-----+--------+

Top non-repeatable levels by time:
     D:1: 1145 daAuts
     D:2: 1057 daAuts
     D:3: 956 daAuts
